 Dungeon Crawl Stone Soup version 0.30-a0-605-gb2882149bf (webtiles) character file.

Game seed: 13524033818210430479

16 OTABOTABOTAB the Insei (level 2, -4/18 HPs)
             Began as an Octopode Transmuter on Jan 7, 2023.
             Slain by a goblin
             ... wielding a +0 club
             ... led by Robin
              (6 damage)
             ... on level 2 of the Dungeon.
             The game lasted 00:01:28 (783 turns).

OTABOTABOTAB the Insei (Octopode Transmuter)         Turns: 783, Time: 00:01:29

Health: -4/18      AC:  1    Str:  9    XL:     2   Next: 58%
Magic:  3/5        EV: 13    Int: 15    God:
Gold:   82         SH:  0    Dex: 12    Spells: 2/5 levels left

rFire   . . .      SeeInvis .      - Unarmed
rCold   . . .      Faith    .    (no shield)
rNeg    . . .      Spirit   .    (helmet currently unavailable)
rPois   .          Reflect  .    (no amulet)
rElec   .          Harm     .    (no ring)
rCorr   .          Rampage  .    (no ring)
Will    .....                    (no ring)
Stlth   ++                       (no ring)
HPRegen 0.23/turn                (no ring)
MPRegen 0.09/turn                (no ring)
                                 (no ring)
                                 (no ring)

@: brilliant, appendages, wereblooded
A: tentacle spike 3, almost no armour, amphibious, 8 rings, camouflage 1,
gelatinous body 1, (nimble swimmer 1), tentacles
a: End Transformation


You were on level 2 of the Dungeon.
One of your tentacles had grown a beastly spike.
You visited 1 branch of the dungeon, and saw 2 of its levels.

You collected 82 gold pieces.

Inventory:

Armour
 i - a +1 hat (melded)
   (You found it on level 2 of the Dungeon)
Magical Staves
 g - a staff of conjuration {!a}
   (You found it on level 1 of the Dungeon)
Scrolls
 b - a scroll of immolation {unknown}
 c - a scroll of silence {unknown}
 d - a scroll of fog {unknown}
 e - 2 scrolls of identify {unknown}
 f - a scroll of noise {unknown}
Potions
 a - a potion of lignification {!q}


   Skills:
 - Level 1.0 Fighting
 - Level 2.0 Dodging
 + Level 3.2 Unarmed Combat
 - Level 2.0 Spellcasting
 + Level 2.3 Transmutations
 + Level 1.4 Poison Magic


You had 2 spell levels left.
You knew the following spells:

 Your Spells              Type           Power      Damage    Failure   Level
a - Beastly Appendage     Tmut           24%        N/A       9%          1
b - Wereblood             Tmut           12%        N/A       13%         2

Your spell library contained the following spells:

 Spells                   Type           Power      Damage    Failure   Level
 Momentum Strike          Conj/Tloc      4%         3d8       32%         2
 Searing Ray              Conj           4%         2d4       32%         2
 Spider Form              Tmut/Pois      10%        N/A       30%         3
 Ice Form                 Ice/Tmut       7%         N/A       80%         4
 Silence                  Hex/Air        1%         N/A       99%         5


Dungeon Overview and Level Annotations

Branches:
Dungeon (2/15)

Altars:

Annotations:
D:2 Robin


Innate Abilities, Weirdness & Mutations

One of your tentacles has grown a beastly spike.
You cannot wear most types of armour.
You are amphibious.
You can wear up to eight rings at the same time.
Your skin changes colour to match your surroundings (Stealth+).
Your rubbery body absorbs attacks. (AC +1, EV +1)
((You are camouflaged when in or above water. (Stealth+)))
You have tentacles for arms and can constrict up to eight enemies at once.


Message History

You constrict the bat. The bat hits you but does no damage.
The bat escapes!
Unknown command.
You barely miss the bat. You grab the bat. You constrict the bat.
The bat closely misses you.
The bat escapes!
You barely miss the bat. You grab the bat. You constrict the bat.
You kill the bat!
No target in view!
A bat comes into view.
A bat is nearby!
The bat barely misses you.
You closely miss the bat. Your grab misses the bat.
The bat hits you but does no damage. The bat barely misses you.
You barely miss the bat. You grab the bat. You constrict the bat.
The bat misses you.
The bat struggles to escape constriction.
The bat escapes!
The bat closely misses you.
Unknown command.
The bat barely misses you.
You closely miss the bat. You grab the bat. You constrict the bat.
The bat misses you.
The bat struggles to escape constriction.
You tentacle-slap the bat.
You kill the bat!
No target in view!
No target in view!
No target in view!
No target in view!
You now have 68 gold pieces (gained 6).
You see here a bat corpse.
You see here a +0 club.
There is a stone staircase leading down here.
An endoplasm comes into view.
You see here a ruby potion.
Unknown command.
The helpless endoplasm fails to defend itself.
You tentacle-slap the endoplasm but do no damage.
You squeeze the endoplasm.
You kill the endoplasm!
No target in view!
No target in view!
You now have 73 gold pieces (gained 5).
h - a ruby potion Done exploring.
Done exploring.
(D) Dungeon
Where to? (? - help)
There is a stone staircase leading down here.
You climb downwards.
There is a stone staircase leading up here.
Found a stone staircase leading down.
You now have 79 gold pieces (gained 6).
You now have 82 gold pieces (gained 3).
i - a +1 hat You start putting on your armour.
You continue putting on your +1 hat. x4
You finish putting on your +1 hat.
Found a stone staircase leading down.
Robin, a hobgoblin and 4 goblins come into view.
The goblin shouts!
A goblin comes into view. It is wielding a +0 dagger.
A goblin comes into view. It is wielding a +0 club. x2
Robin shouts!
You hear a shout!
A goblin comes into view.
It is wielding a +1 dagger of holy wrath.
The goblin shouts!
You hear a shout!
You hear an angry hiss.
You hear a shout!
A goblin comes into view. It is wielding a +0 club.
Robin roars a battlecry!
The goblins go into a battle-frenzy!
You hear a shout!
Robin throws the goblin at you! The goblin completely misses you.
The goblin attacks as you move away! The goblin barely misses you.
The goblin hits you with a +0 club.
You take 3 damage, and have 15/18 hp.
Robin throws the goblin at you! The goblin hits you with a +0 club.
You take 5 damage, and have 10/18 hp.
MASSIVE DAMAGE!!
It was a potion of brilliance.
You feel clever all of a sudden. The goblin barely misses you.
The goblin hits you but does no damage. The goblin closely misses you.
The goblin shouts!
You hear a shout!
Robin roars a battlecry!
The goblin goes into a battle-frenzy!
The goblin hits you with a +0 club.
* * * LOW HITPOINT WARNING * * *
You hear an angry hiss.
You take 6 damage, and have 5/18 hp.
MASSIVE DAMAGE!!
You feel a surge of power!
One of your tentacles grows a vicious spike.
Your +1 hat melds into your body.
The goblin closely misses you. The goblin barely misses you.
The goblin hits you with a +0 club.
* * * LOW HITPOINT WARNING * * *
You take 3 damage, and have 2/18 hp.
You now have 4/5 mp.
You feel a surge of power!
Your blood is infused with primal strength.
Robin points. "Kill!"
The goblin misses you. The goblin hits you but does no damage.
The goblin hits you with a +0 club.
You die...

#........+..<...####
##.......###......#
#########...##
#......+
..........###
#.....)#
.....[....####
#......+
.............#
#......#
.............#
##...#...
.............#
#.#.....
......g@g.####
......ggg.#
........g.##### g
...).......>^.# g.
..#........g..# ...
# #...........# g.g.
#...........# ....!
#.[.....g..g#.....#
#.............#


You could see Robin and 8 goblins.

Vanquished Creatures
  A dart slug (D:1)
  2 endoplasms (D:1)
  2 goblins (D:1)
  2 hobgoblins (D:1)
  4 bats (D:1)
  2 frilled lizards (D:1)
  A rat (D:1)
14 creatures vanquished.

Notes
Turn   | Place    | Note
-------+----------+-------------------------------------------
     0 | D:1      | OTABOTABOTAB the Octopode Transmuter began the quest for
                  | the Orb.
     0 | D:1      | Reached XP level 1. HP: 13/13 MP: 3/3
   153 | D:1      | Got Dieskaps's Incunable of Prime Malediction
   261 | D:1      | Reached skill level 1 in Poison Magic
   269 | D:1      | Reached XP level 2. HP: 12/18 MP: 5/5
   272 | D:1      | Learned a level 2 spell: Wereblood
   765 | D:2      | Noticed Robin
   782 | D:2      | HP: 2/18 [goblin/+0 club (3)]
   783 | D:2      | Slain by a goblin

Illustrated notes

Levels and vault maps discovered:
D:1:      zaba_arrival_water, layout_loops_ring, minmay_misc_feat_ornament
D:2:      minmay_spotlight, layout_basic, dreamdust_mushroom_princess,
          uniq_jessica, uniq_robin, uniq_sigmund

Skill      XL: |  1 |
---------------+----+-----
Poison Magic   | 1 |  1.4
Fighting       | |  1.0
Dodging        | |  2.0
Unarmed Combat | |  3.2
Spellcasting   | |  2.0
Transmutations | |  2.3

Action                   || total
-------------------------++-------
Melee: Unarmed           ||    29
       Constrict         ||    14
       Tentacles         ||     5
       Punch             ||     1
 Cast: Beastly Appendage ||     1
       Wereblood         ||     1
  Use: Potion            ||     1
 Stab: Sleeping          ||     6
Armor: Skin              ||     5
Dodge: Dodged            ||    25

Table legend: (Time is in decaauts)
 A = Elapsed time spent in this place.
 B = Non-inter-level travel time spent in this place.
 C = Inter-level travel time spent in this place.
 D = Time resting spent in this place.
 E = Time spent auto-exploring this place.
 F = Levels seen in this place.
 G = Mean time per level.
                   A        B        C        D        E       F      G
               +--------+--------+--------+--------+--------+-----+--------+
         Total |    781 |    769 |     12 |      0 |    637 |   2 |  390.5 |
       Dungeon |    781 |    769 |     12 |      0 |    637 |   2 |  390.5 |
               +--------+--------+--------+--------+--------+-----+--------+

Top non-repeatable levels by time:
     D:1: 718 daAuts
     D:2: 62 daAuts

Table legend:
 A = Kills in this place as a percentage of kills in entire the game.
 B = Kills by you in this place as a percentage of kills by you in the entire game.
 C = Kills by friends in this place as a percentage of kills by friends in the entire game.
 D = Other kills in this place as a percentage of other kills in the entire game.
 E = Experience gained in this place as a percentage of experience gained in the entire game.
 F = Experience gained in this place divided by the number of levels of this place that you have seen.
                   A       B       C       D       E      F
               +-------+-------+-------+-------+-------+----------------------
         Total | 100.0 | 100.0 |   N/A |   N/A | 100.0 |  12.0
       Dungeon | 100.0 | 100.0 |   N/A |   N/A | 100.0 |  12.0
               +-------+-------+-------+-------+-------+----------------------
